AoeStats
← mathewmelo2215

Black Forest

510219056Analyzed
2v2 RM · 15h ago on Sep 30, 2026· 31m 39s· 4 players
Game mode
Random Map
Map size
Medium (4 player)
Population
200
Speed
Normal
Resources
Standard
Victory
Conquest
Starting age
Dark Age
Ending age
Imperial Age
RankedLock teamsTeams togetherTeam positionsShared explorationLock speedFull tech treeHidden civsTurbo modeCheats
Victory
Defeat
🇨🇦 Goths · Canada
421
+18
🇨🇦 Maya · Canada
404
+19
🇲🇽 Bohemians · Mexico
528
-21
🇵🇪 Teutons · Peru
414
-16
DonHisHead
9:33 Loom
12:05 Feudal Age
13:20 Double-Bit Axe
13:24 Horse Collar
19:18 Gold Mining
23:01 Castle Age
24:12 Wheelbarrow
24:07 Thumb Ring
26:02 Heavy Plow
27:30 Stone Mining
28:44 Crossbowman
mathewmelo2215
12:25 Feudal Age
13:43 Man-at-Arms
16:06 Double-Bit Axe
18:04 Wheelbarrow
19:41 Castle Age
18:39 Scale Mail Armor
20:28 Forging
22:19 Chain Mail Armor
21:57 Long Swordsman
22:37 Squires
26:53 Iron Casting
[Memento mori] Lobo
0:32 Loom
13:24 Feudal Age
14:43 Wheelbarrow
13:58 Double-Bit Axe
23:49 Castle Age
25:11 Hand Cart
24:40 Horse Collar
25:28 Bow Saw
26:10 Heavy Plow
29:38 Chemistry
30:53 Masonry
31:11 Elite Skirmisher
31:55 Padded Archer Armor
Un HC en depresión
0:43 Loom
13:51 Feudal Age
16:41 Wheelbarrow
16:52 Double-Bit Axe
26:53 Castle Age
25:52 Arson
29:19 Squires
30:20 Gold Mining
Connection lost

Rejoining the realm…

Still unreachable

The connection could not be restored.

Session expired

The server has moved on; the page needs a fresh start.